 Dungeon Crawl Stone Soup version 0.21.1-1-g345015f (webtiles) character file.

659 Fang the Chopper (level 7, -8/44 HPs)
             Began as a Gargoyle Berserker on June 8, 2018.
             Was a Priest of Trog.
             Mangled by Sigmund
             ... wielding a +0 scythe
              (9 damage)
             ... on level 4 of the Dungeon.
             The game lasted 00:05:38 (4281 turns).

Fang the Chopper (Gargoyle Berserker)               Turns: 4281, Time: 00:05:38

Health: -8/44      AC:  5    Str: 23    XL:     7   Next: 55%
Magic:  7/7        EV: 12    Int:  7    God:    Trog [***...]
Gold:   264        SH:  0    Dex:  9    Spells: 6/6 levels left

rFire    . . .     SeeInvis .   a - +0 hand axe
rCold    . . .     Gourm    .   (no shield)
rNeg     + . .     Faith    .   b - +1 animal skin
rPois    ∞         Spirit   .   (no helmet)
rElec    +         Reflect  .   (no cloak)
rCorr    +         Harm     .   (no gloves)
MR       .....                  (no boots)
Stlth    ++........             (no amulet)
HPRegen  0.14/turn              n - -3 ring of protection (curse)
MPRegen  0.10/turn              j - ring of resist corrosion (curse)

@: no status effects
A: negative energy resistance 1, electricity resistance, unbreathing,
petrification resistance, rot immunity, AC +4
a: Berserk, Trog's Hand, Burn Spellbooks, Renounce Religion


You were on level 4 of the Dungeon.
You worshipped Trog.
Trog was most pleased with you.
You were not hungry.

You visited 1 branch of the dungeon, and saw 4 of its levels.
You also visited: Sewer.

You collected 264 gold pieces.

Inventory:

Hand Weapons
 a - a +0 hand axe (weapon)
Armour
 b - a +1 animal skin (worn)
Jewellery
 j - a cursed ring of resist corrosion (right hand)
 k - an uncursed ring of stealth
 n - a cursed -3 ring of protection (left hand)
 t - an uncursed ring of protection from fire
Wands
 q - a wand of clouds (9)
Scrolls
 d - 7 scrolls of teleportation
 e - 2 scrolls of identify
 h - 4 scrolls of enchant armour
 u - a scroll of fog {unknown}
Potions
 f - 4 potions of curing
 g - a potion of haste
 i - a potion of mutation
 l - a potion of might
 m - 6 potions of flight
 o - a potion of magic
 p - a potion of heal wounds
 r - a potion of agility
Comestibles
 c - 5 rations
 s - 2 chunks of flesh


   Skills:
 + Level 5.1 Fighting
 + Level 5.8 Axes
 + Level 2.3 Armour
 + Level 3.0 Dodging
 + Level 3.0 Stealth


You had 6 spell levels left.
You didn't know any spells.

Dungeon Overview and Level Annotations

Branches:
Dungeon (4/15)             Temple (0/1) D:4

Altars:
Ashenzari
Fedhas
Okawaru
Ru
Trog
Wu Jian
The Shining One

Annotations:
D:4 Sigmund


Innate Abilities, Weirdness & Mutations

You are resistant to torment.
Your stone body is resilient. (AC +4)
You are immune to poison.
You resist negative energy. (rN+)
You are resistant to electric shocks. (rElec)
You can survive without breathing.
You are immune to petrification.
You are immune to rotting.


Message History

You bump into the rock wall.
Something hits you.
You're too confused to move!
You barely miss something. Something hits you but does no damage.
You're too confused to move!
You feel less confused.
You hear some strange, mumbled words.
Something tries to affect you, but you resist.
You closely miss something. Something hits you!
* * * LOW HITPOINT WARNING * * *
You miss something. You hit something.
You hear some strange, mumbled words.
You are confused.
You bump into the rock wall.
Something hits you but does no damage. Something hits you!
* * * LOW HITPOINT WARNING * * *
You're too confused to move!
You feel less confused. Something hits you!
You die...

.≈≈≈≈≈≈≈≈≈≈≈≈≈...#####...
...≈≈≈≈≈≈≈≈≈.............
.....≈≈≈≈≈........###.###
..................#.#.#
#.##...####.#..<......#######
..##...####.........#.#.....#
....................##......#
..................#####.....#
..............#.@.# ##......#
####...##########.###.#...>.#
#...# ##.#.######## #..)#
##.### # #...# #.#.## ## #...#
#..#.# .###...# ##########.##
...#...#####.......##.# #
.#........##.......##.####..>#


There were no monsters in sight!

Vanquished Creatures
  3 ogres (D:4)
  A howler monkey (D:4)
  A bullfrog skeleton (D:4)
  Jessica (D:2)
  An iguana (D:4)
  An orc wizard (D:3)
  A merfolk siren (Sewer)
  A merfolk avatar (Sewer)
  7 gnolls
  A river rat (Sewer)
  4 adders
  An adder skeleton (D:4)
  2 dart slugs (D:1)
  8 leopard geckos
  7 orcs (D:3)
  9 ball pythons
  7 bats
  2 giant cockroaches (Sewer)
  9 hobgoblins
  2 quokkas
  4 frilled lizards
  5 goblins
  5 kobolds
  30 rats
113 creatures vanquished.

Notes
Turn   | Place    | Note
-------+----------+-------------------------------------------
     0 | D:1      | Fang the Gargoyle Berserker began the quest for the Orb.
     0 | D:1      | Reached XP level 1. HP: 14/14 MP: 1/1
   101 | D:1      | Found a glowing golden altar of the Shining One.
   151 | D:1      | Reached XP level 2. HP: 19/19 MP: 2/2
   328 | D:1      | Reached XP level 3. HP: 14/23 MP: 3/3
   837 | D:2      | Noticed Jessica
   853 | D:2      | Killed Jessica
   993 | D:2      | Reached XP level 4. HP: 17/29 MP: 4/4
  1238 | D:2      | Found a sacrificial altar of Ru.
  1512 | D:2      | Found a bloodstained altar of Trog.
  1742 | D:2      | Reached ** piety under Trog
  1807 | D:2      | Found a blossoming altar of Fedhas.
  2143 | D:3      | Reached XP level 5. HP: 15/33 MP: 5/5
  2260 | D:3      | Found a glowing drain.
  2280 | Sewer    | Entered a sewer
  2492 | Sewer    | Reached *** piety under Trog
  2494 | Sewer    | HP: 2/49 [sickly merfolk siren/spear (12)]
  2943 | Sewer    | Reached skill level 1 in Stealth
  2996 | Sewer    | Noticed a malarious merfolk avatar
  3030 | Sewer    | Killed a malarious merfolk avatar
  3030 | Sewer    | Reached XP level 6. HP: 36/39 MP: 6/6
  3253 | D:3      | Found a shattered altar of Ashenzari.
  3604 | D:4      | Reached skill level 5 in Axes
  3808 | D:4      | Found a glowing golden altar of the Shining One.
  3853 | D:4      | Reached XP level 7. HP: 11/44 MP: 7/7
  4087 | D:4      | Found a staircase to the Ecumenical Temple.
  4101 | D:4      | Found an iron altar of Okawaru.
  4104 | D:4      | Found an ornate altar of the Wu Jian Council.
  4109 | D:4      | Reached skill level 5 in Fighting
  4244 | D:4      | Noticed Sigmund
  4278 | D:4      | HP: 1/44 [something (13)]
  4281 | D:4      | Mangled by Sigmund

Skill      XL: |  1  2  3  4  5  6  7 |
---------------+----------------------+-----
Axes           | 3 4 5 |  5.8
Fighting       | 4 5 |  5.1
Dodging        | 2 3 |  3.0
Stealth        | 1 2 3 |  3.0
Armour         | |  2.3

Action                   |  1- 3 |  4- 6 |  7- 9 || total
-------------------------+-------+-------+-------++-------
Melee: Hand axe          |    63 |   344 |    21 ||   428
Invok: Berserk           |     1 |     5 |     2 ||     8
  Use: Scroll            |       |    10 |     3 ||    13
 Stab: Sleeping          |       |    10 |       ||    10
  Eat: Chunk             |     1 |    14 |     3 ||    18
Armor: Animal skin       |    17 |   132 |     5 ||   154
Dodge: Dodged            |    32 |   263 |     5 ||   300
